 Dungeon Crawl Stone Soup version 0.24.0-13-gcf9b319 (webtiles) character file.

Game seed: 18136047948773206688, levelgen mode: deterministic

2025 Inchmeat the Severer (level 9, 0/68 HPs)
             Began as a Hill Orc Gladiator on Feb 3, 2020.
             Was an Initiate of the Shining One.
             Slain by Grum
             ... wielding a -2 vampiric spear
              (13 damage)
             ... on level 8 of the Dungeon.
             The game lasted 00:11:24 (9478 turns).

Inchmeat the Severer (Hill Orc Gladiator)           Turns: 9478, Time: 00:11:24

Health: 0/68       AC:  7    Str: 24    XL:     9   Next: 23%
Magic:  9/9        EV: 12    Int:  8    God:    the Shining One [......]
Gold:   284        SH:  0    Dex: 12    Spells: 8/8 levels left

rFire    . . .     SeeInvis .   a - +1 war axe
rCold    . . .     Gourm    .   (no shield)
rNeg     . . .     Faith    .   j - -2 ring mail (curse)
rPois    .         Spirit   .   c - +0 helmet
rElec    .         Reflect  .   w - +0 cloak
rCorr    +         Harm     .   k - +1 pair of gloves
MR       .....                  (no boots)
Stlth    ..........             n - amulet of inaccuracy (curse)
HPRegen  0.21/turn              h - ring of resist corrosion
MPRegen  0.11/turn              x - +4 ring of strength

@: confused, about to teleport, glowing
A: no striking features
a: Renounce Religion


You were on level 8 of the Dungeon.
You worshipped the Shining One.
The Shining One was noncommittal.
You were not hungry.

You visited 1 branch of the dungeon, and saw 8 of its levels.
You also visited: Sewer.

You collected 284 gold pieces.

Inventory:

Hand Weapons
 a - a +1 war axe (weapon)
Missiles
 p - 6 curare-tipped darts (quivered)
Armour
 b - a +0 leather armour
 c - a +0 helmet (worn)
 j - a cursed -2 ring mail (worn)
 k - a +1 pair of gloves (worn)
 o - a +0 plate armour
 u - a +0 scale mail of cold resistance
 w - a +0 cloak (worn)
Jewellery
 h - a ring of resist corrosion (left hand)
 m - an uncursed ring of fire
 n - a cursed amulet of inaccuracy (around neck)
 x - a +4 ring of strength (right hand)
Wands
 l - a wand of iceblast (13)
 v - a wand of random effects (14)
Scrolls
 r - a scroll of identify {@r1}
 t - 2 scrolls of teleportation
Potions
 e - a potion of cancellation
 q - a potion of mutation {!q}
 s - a potion of flight
Comestibles
 f - 12 rations


   Skills:
 - Level 2.4 Fighting
 + Level 15.0 Axes
 - Level 1.7 Throwing
 - Level 2.4 Dodging


You had 8 spell levels left.
You didn't know any spells.
Your spell library contained the following spells:

 Spells                   Type           Power        Failure   Level  Hunger
 Corona                   Hex            #......      56%         1    ##.....
 Ensorcelled Hibernation  Hex/Ice        #.....       71%         2    ###....
 Confuse                  Hex            #.......     90%         3    ####...
 Dazzling Spray           Conj/Hex       #.....       90%         3    ####...
 Tukima's Dance           Hex            #.......     90%         3    ####...


Dungeon Overview and Level Annotations

Branches:
Dungeon (8/15)               Lair (0/6) D:8           Sewer (visited)
 Temple: D:4-7

Altars:
Okawaru
Xom
Yredelemnul
The Shining One

Annotations:
D:4 2 exclusions
D:6 2 runed translucent doors, Whoops's ghost, novice DsFi
D:8 Grum


Message History

Tha wolf closely misses ye.
Tha wolf barely misses ye.
Tha wolf bites ye.
Tha wolf bites ye!
* * * LOW HITPOINT WARNIN'
* * * Tha wolf barely misses ye.
Tha wolf bites ye.
* * * LOW HITPOINT WARNIN'
* * * Okay, than.
As ye read tha scroll o' teleportation, it crumbles ta dust.
Ye feel strangely unst'ble.
Tha wolf bites ye!
* * * LOW HITPOINT WARNIN'
* * * Tha wolf closely misses ye.
Ye be confused.
Ye feel invigorated.
Tha wolf closely misses ye.
Grum barely misses ye.
Tha wolf barely misses ye.
Unknown command.
Ye miss tha wolf.
Tha wolf misses ye.
Grum hits ye from afar wit' a -2 vampiric spear!
Ye die...

#. #.# #.# ..###g####
#####.....# ##+# ##.##.#
##...## ####h# ##.....##
####h# #.......## ##.##g#
.......).####...#h#######.
.........+......@.........
.........####...#.########
#.......## ##.##.#####
##.....## ##.......#
##.).## #.#.###.# ##'##
#.#.# #.# #(##########.#.#
#.# #.#.รท..).....#.# #.#
##)#.#######..#.###.#


You could see Grum and 3 wolves.

Vanquished Creatures
  A spriggan (D:7)
  2 orc warriors
  3 ogres
  3 centaurs
  A big kobold (Sewer)
  A bullfrog (D:6)
  2 scorpions
  3 crimson imps
  3 jellies
  A bullfrog skeleton (D:7)
  2 hounds
  3 orc priests
  A centaur skeleton (D:5)
  5 worker ants
  7 orc wizards
  10 adders
  A howler monkey skeleton (D:4)
  2 river rats (Sewer)
  An ooze (D:2)
  An adder skeleton (D:5)
  3 worms
  3 dart slugs
  6 leopard geckos
  21 orcs
  5 ball pythons
  7 giant cockroaches
  5 goblins (D:1)
  9 hobgoblins
  9 jackals
  11 kobolds
  4 quokkas
  9 bats
  3 frilled lizards
  16 rats
164 creatures vanquished.

Vanquished Creatures (others)
  2 orcs (D:4)
  A jackal (D:4)
3 creatures vanquished.

Grand Total: 167 creatures vanquished

Notes
Turn   | Place    | Note
-------+----------+-------------------------------------------
     0 | D:1      | Inchmeat the Hill Orc Gladiator began the quest for the
                  | Orb.
     0 | D:1      | Reached XP level 1. HP: 18/18 MP: 1/1
    27 | D:1      | Reached XP level 2. HP: 20/25 MP: 2/2
    65 | D:1      | Reached skill level 5 in Axes
   607 | D:1      | Reached XP level 3. HP: 30/30 MP: 3/3
  1303 | D:2      | Reached skill level 6 in Axes
  1599 | D:2      | Reached XP level 4. HP: 35/37 MP: 4/4
  2375 | D:3      | Reached skill level 7 in Axes
  2838 | D:3      | Reached XP level 5. HP: 22/42 MP: 5/5
  3458 | D:4      | Reached skill level 8 in Axes
  3881 | D:4      | Found an iron altar of Okawaru.
  3905 | D:4      | You fall into a shaft and drop 2 floors!
  3906 | D:6      | Noticed an ogre
  3917 | D:6      | Killed an ogre
  3917 | D:6      | Reached skill level 9 in Axes
  3917 | D:6      | Reached XP level 6. HP: 50/50 MP: 6/6
  3938 | D:6      | Found a large runed translucent door.
  3939 | D:6      | Found a large runed translucent door.
  3941 | D:6      | Noticed Whoops's ghost (novice DsFi)
  4065 | D:6      | Reached skill level 10 in Axes
  4066 | D:6      | Reached XP level 7. HP: 39/56 MP: 7/7
  4121 | D:6      | Found a glowing drain.
  4156 | Sewer    | Entered a sewer
  4628 | Sewer    | Reached skill level 11 in Axes
  4649 | Sewer    | Found a white marble altar of Elyvilon.
  4864 | D:6      | Reached XP level 8. HP: 29/62 MP: 8/8
  5045 | D:5      | Entered Level 5 of the Dungeon
  5157 | D:5      | Reached skill level 12 in Axes
  6950 | D:4      | Reached skill level 13 in Axes
  7444 | D:4      | Found a glowing golden altar of the Shining One.
  7444 | D:4      | Found a basalt altar of Yredelemnul.
  7448 | D:4      | Noticed an angel
  7460 | D:4      | Became a worshipper of the Shining One
  7702 | D:4      | Noticed a profane servitor
  7841 | D:6      | Found a shimmering altar of Xom.
  8888 | D:7      | Reached skill level 14 in Axes
  8907 | D:7      | Noticed a spriggan baker
  8912 | D:7      | Killed a spriggan baker
  8912 | D:7      | Reached XP level 9. HP: 49/68 MP: 9/9
  9106 | D:8      | HP: 3/68 [centaur/arrow (15)]
  9111 | D:8      | HP: 1/68 [centaur/arrow (10)]
  9119 | D:8      | Found a staircase to the Lair.
  9338 | D:8      | Reached skill level 15 in Axes
  9456 | D:8      | Noticed Grum
  9475 | D:8      | HP: 1/68 [wolf[Grum] (9)]
  9478 | D:8      | Slain by Grum

Levels and vault maps discovered:
D:1:      giann_horns, layout_loops_ring, minmay_misc_feat_chi
D:2:      layout_rooms, first_ration, minivault_24, st_stairs_1,
          kennysheep_decorative_pillar
D:3:      layout_basic
D:4:      layout_loops_cross, grunt_temple_overflow_holy_war,
          kennysheep_okawaru_gauntlet
D:5:      layout_layer_cave
D:6:      layout_cave_pools, ebering_ghost_disaster_area, portal_sewer_entry_b,
          moated_statue, kennysheep_nub, lemuel_altar_in_water
D:7:      layout_basic, kennysheep_mini, grunt_dithmenos_shadows,
          lemuel_temple_firewalk_b, basic_altar, the_bakery
D:8:      layout_loops_corners, lair_entry_dummy, enter_bailey_2, uniq_grum

Skill      XL: |  1  2  3  4  5  6  7  8  9 |
---------------+----------------------------+-----
Axes           | 5 6 7 9 10 11 14 15 | 15.0
Fighting       | |  2.4
Throwing       | |  1.7
Dodging        | |  2.4

Action                   |  1- 3 |  4- 6 |  7- 9 || total
-------------------------+-------+-------+-------++-------
Melee: War axe           |    95 |   171 |   321 ||   587
Throw: Throwing net      |       |     2 |     1 ||     3
       Dart              |       |       |     6 ||     6
Evoke: Wand              |       |       |     1 ||     1
  Use: Scroll            |     3 |     2 |     9 ||    14
       Potion            |       |       |    15 ||    15
  Eat: Chunk             |     2 |     8 |    11 ||    21
       Ration            |       |       |     2 ||     2
Armor: Leather armour    |    20 |       |       ||    20
       Ring mail         |    27 |    67 |   124 ||   218
Dodge: Dodged            |    60 |   113 |   180 ||   353
